[Event "Polish Youth Ekstraliga 2022"]
[Site "Lublin"]
[Date "2022.06.25"]
[Round "1.1"]
[White "Kazmierowski, Tymon"]
[Black "Czopor, Maciej"]
[Result "0-1"]
[ECO "A50"]
[WhiteElo "2020"]
[BlackElo "2425"]
[Annotator "TA"]
[PlyCount "92"]
[EventDate "2022.06.24"]
[EventType "team-tourn"]
[EventCountry "POL"]
[SourceTitle "playchess.com"]
[Source "ChessBase"]
[SourceQuality "1"]
[TimeControl "40/5400+30:1800+30"]

1. d4 Nf6 2. c4 b6 3. Nc3 Bb7 4. d5 e6 5. a3 Qe7 6. Nf3 {[%emt 0:09:23] [#] A50: Queen's Fianchetto Defence (1 d4 Nf6 2 c4 b6).} c6 $146 ({Predecessor:} 6... exd5 7. cxd5 Ne4 8. e3 g6 9. Qd4 Nf6 10. e4 Bg7 11. Bd3 c5 12. Qe3 O-O 13. h3 {1-0 (54) Han Wong,I (2098)-Smith,H (2057) Dresden 2008}) 7. dxe6 (7. Bg5 {is more complex.} exd5 8. cxd5 h6 9. Bxf6 Qxf6 10. e3) 7... fxe6 (7... dxe6 $11 {deserves consideration.} 8. e4 e5) 8. e4 $14 {[%emt 0:08:17] White is slightly better.} e5 9. Bd3 g6 10. O-O Bg7 11. Be3 Na6 {[%emt 0:07:53] Against c5} ({Better is} 11... d6 $14) 12. b4 $1 $16 Nc7 13. Qd2 (13. c5 $16) 13... d6 14. Rfd1 O-O 15. Bc2 Rad8 16. Bb3 {[%emt 0:01:11] Hoping for c5+.} Kh8 17. Qc2 Ne6 18. h3 (18. c5 $11) 18... Nh5 $1 $17 19. c5 {[%emt 0:06:18] [#]} bxc5 ({Black should try} 19... Rxf3 $1 $17 20. cxd6 (20. gxf3 Nd4 $19) 20... Qf6 21. gxf3 Nd4 22. Bxd4 exd4) 20. bxc5 $11 Rxf3 21. gxf3 $2 (21. cxd6 $11 {and White has nothing to worry.} Qf6 22. Bxe6 (22. gxf3 Nd4 $17) 22... Rxe3 23. Na4) 21... Nef4 (21... Nd4 $19 22. cxd6 Rxd6 23. Bxd4 exd4) 22. Bxf4 $2 (22. cxd6 $17 Qg5+ 23. Kf1 Ba6+ 24. Ke1) 22... Nxf4 $19 23. Ne2 Qg5+ 24. Ng3 Nxh3+ ({And not} 24... Qh4 25. Bc4 $15) 25. Kf1 d5 26. exd5 {[%emt 0:01:05] [#]} cxd5 ({Black should play} 26... Rf8 $1 $19 27. dxc6 Bxc6) 27. Qe2 (27. Bxd5 $11 Bxd5 28. c6) 27... Qf6 {[%emt 0:00:55] aiming for ...Ba6.} 28. c6 Qxc6 {[%emt 0:00:58] Strongly threatening ...Ba6.} 29. Rac1 Qe6 30. Bc4 (30. Rc7 {was called for.} Ba6 31. Bc4) 30... Nf4 31. Qb2 Rd7 32. Bb5 Rf7 33. Qd2 (33. Qb3 $142) 33... h5 34. Qa5 Kh7 35. Rc7 h4 36. Rxf7 Qxf7 {[%emt 0:00:01] Chess con chili.} 37. Ne2 (37. Qxa7 $142 hxg3 38. fxg3) 37... Nxe2 $2 (37... h3 38. Qd8 Nh5) 38. Kxe2 $2 (38. Bxe2 d4 39. Qd8) 38... d4 {[%emt 0:00:10] Threatens to win with ...h3. Black is clearly winning.} 39. Rd3 h3 {[%emt 0:00:13] And now ...h2 would win.} 40. Qe1 Qf4 41. Qf1 h2 {[%emt 0:05:19] ...e4 is the strong threat.} 42. Qh3+ Qh6 43. Qxh6+ Bxh6 {[%emt 0:00:01] This bishop pair is nice.} 44. Rd1 Bf4 45. Bd3 Kh6 46. Be4 Bc8 {[%emt 0:00:03] Weighted Error Value: White=0.98/Black=0.50} (46... Ba6+ $142 47. Bd3 Bc8) 0-1

[Event "Polish Youth Ekstraliga 2022"]
[Site "Lublin"]
[Date "2022.06.25"]
[Round "1.2"]
[White "Luberanski, Jakub"]
[Black "Grzadka, Artur"]
[Result "0-1"]
[ECO "E33"]
[WhiteElo "2241"]
[BlackElo "1718"]
[Annotator "TA"]
[PlyCount "90"]
[EventDate "2022.06.24"]
[EventType "team-tourn"]
[EventCountry "POL"]
[SourceTitle "playchess.com"]
[Source "ChessBase"]
[SourceQuality "1"]
[TimeControl "40/5400+30:1800+30"]

1. d4 Nf6 2. c4 e6 3. Nc3 Bb4 4. Qc2 Nc6 5. Nf3 d6 6. Bd2 Qe7 7. a3 {[%emt 0:01:22] E33: Nimzo-Indian: Classical: 4...Nc6.} Bxc3 8. Bxc3 a5 9. e3 {[%emt 0:01:21] White is slightly better.} e5 10. dxe5 dxe5 11. Be2 O-O 12. b3 Bg4 13. O-O Rad8 {[%emt 0:17:43] [#]} 14. Rfb1 $146 (14. h3 {is more complex.} Bh5 15. Nxe5 Nxe5 16. Bxh5 Nxh5 17. Qf5) ({Predecessor:} 14. h3 Bh5 15. Rfd1 Rxd1+ 16. Bxd1 Rd8 17. Be2 Nd7 18. Nxe5 Ncxe5 19. Bxh5 Nc5 20. Be2 {1-0 (36) Shipov,S (2591)-Bartel,M (2569) Playchess.com INT 2006}) 14... Bh5 {[%emt 0:14:19] [#]} 15. Rb2 (15. Nxe5 $1 $14 Nxe5 16. Bxh5) 15... Bg6 $11 16. Qc1 Ne4 17. Be1 Ng5 18. Nxg5 Qxg5 19. b4 axb4 20. axb4 e4 (20... Be4 {looks sharper.} 21. g3 Ne7 22. b5 Ng6) 21. Bc3 Bh5 22. Bxh5 Qxh5 23. Rd2 Ne5 (23... Rxd2 $11 24. Qxd2 Rd8) 24. Ra5 $16 Rxd2 25. Qxd2 (25. Bxd2 b6 26. Ra1 Nd3 $17) 25... Nf3+ 26. gxf3 Qg6+ 27. Kf1 exf3 28. Qd1 $1 b6 29. Rd5 $1 (29. Ra7 $6 Qg2+ 30. Ke1 Qg1+ 31. Kd2 Qxf2+ 32. Kc1 Qg2 $11) 29... c6 30. Re5 $2 (30. Rd3 $16 {and life is bright.}) 30... Qg2+ $2 (30... f6 $1 $19 31. Re7 (31. Re6 $2 Qg2+ 32. Ke1 Qg1+ 33. Kd2 Qxf2+ 34. Kc1 Qg2 $19) 31... Qg2+ 32. Ke1 Qg1+ 33. Kd2 Qxf2+ 34. Kc1 Qg2) 31. Ke1 $17 Qg1+ 32. Kd2 Rd8+ 33. Bd4 Qxh2 {[%emt 0:00:25] Black is more active.} ({Better is} 33... Qxf2+ $17 34. Kd3 Qxh2) 34. Rf5 (34. Kc1 $1 $11 {was the only way to keep the balance.} Qxf2 35. c5) 34... Qxf2+ ({Black should try} 34... g6 $1 $17 35. Rxf3 c5) 35. Kc3 $2 {[%emt 0:00:29][%mdl 8192] [#]} (35. Kd3 $11) 35... Ra8 $1 $19 {[%emt 0:00:54] White must now prevent ...Ra3+.} ({And not} 35... Qa2 36. Qxf3 Qa3+ 37. Kc2 Qa4+ 38. Kc1 Qa3+ 39. Kc2 Qa4+ 40. Kc1 Qa3+ 41. Kc2 $11) 36. Kd3 Ra3+ 37. Ke4 {[%emt 0:00:39] [#]} Qe2 $2 (37... g6 $1 $19 38. Rf6 (38. Rxf3 $2 Qh4+ 39. Ke5 Qe7+ 40. Kf4 c5 $19) 38... Qh4+ 39. Ke5 (39. Rf4 f5+ 40. Kxf3 Qh5+ 41. Kg3 Qxd1 42. Rf2 Qg4+ 43. Kh2 Rd3 44. Ra2 f4 45. Ra8+ Kf7 46. Ra7+ Ke6) 39... Qg3+ 40. Ke4 Qg4+ 41. Ke5 (41. Rf4 $2 f5+ 42. Ke5 Qg5 $19) 41... Ra7) 38. Qg1 $1 $40 {[%emt 0:00:21][%csl Gd4][%cal Rg1g7][%mdl 128] White has some attack.} Qc2+ 39. Kf4 g6 {[%emt 0:00:31][%cal Bg7g6,Bg6g5][%mdl 32] Chess con chili.} 40. Re5 (40. Rf6 $11) 40... f6 $19 41. Re8+ Kf7 {[%emt 0:02:42] ( -> ...Qf5+)} 42. Re4 Qg2 {[%emt 0:03:43] Black mates.} 43. Qd1 g5+ 44. Kf5 Qh3+ 45. Rg4 h5 {[%emt 0:00:10][%mdl 64] Pin.  Weighted Error Value: White=0.85/Black=0.48} 0-1

[Event "Polish Youth Ekstraliga 2022"]
[Site "Lublin"]
[Date "2022.06.25"]
[Round "1.3"]
[White "Przybylski, Jan"]
[Black "Jaworski, Tymon"]
[Result "1-0"]
[ECO "C47"]
[WhiteElo "1694"]
[BlackElo "1628"]
[Annotator "NA RC"]
[PlyCount "69"]
[EventDate "2022.06.24"]
[EventType "team-tourn"]
[EventCountry "POL"]
[SourceTitle "playchess.com"]
[Source "ChessBase"]
[SourceQuality "1"]
[TimeControl "40/5400+30:1800+30"]

1. e4 e5 2. Nf3 Nc6 3. Nc3 Nf6 4. a3 d5 5. Bb5 d4 6. Ne2 Bd6 7. d3 O-O 8. Bg5 a6 9. Bxc6 bxc6 10. c3 c5 11. O-O Qe7 12. Rc1 Qe6 13. b4 dxc3 14. bxc5 Bxc5 15. Rxc3 Bb6 16. Qc2 Bb7 17. Nc1 Nd7 18. Nb3 f5 19. Be3 fxe4 20. dxe4 Qg4 21. Nfd2 Nf6 22. f3 Qe6 23. Rc1 Rac8 24. a4 Rfd8 25. a5 Bxe3+ 26. Rxe3 c5 27. Rc3 Nd7 28. Nc4 Bc6 29. Rd1 Bb5 30. Nd6 Rc6 31. Nxb5 axb5 32. Nxc5 Qe7 33. Nxd7 Rxc3 34. Qxc3 Rxd7 35. Qc8+ 1-0

[Event "Polish Youth Ekstraliga 2022"]
[Site "Lublin"]
[Date "2022.06.25"]
[Round "1.4"]
[White "Ochedzan, Filip"]
[Black "Terkiewicz, Bruno"]
[Result "0-1"]
[ECO "C18"]
[WhiteElo "1873"]
[BlackElo "1320"]
[Annotator "NA RC"]
[PlyCount "80"]
[EventDate "2022.06.24"]
[EventType "team-tourn"]
[EventCountry "POL"]
[SourceTitle "playchess.com"]
[Source "ChessBase"]
[SourceQuality "1"]
[TimeControl "40/5400+30:1800+30"]

1. e4 e6 2. d4 d5 3. Nc3 Bb4 4. e5 c5 5. a3 Bxc3+ 6. bxc3 Ne7 7. Bd2 Qc7 8. Qg4 cxd4 9. cxd4 Qxc2 10. Rc1 Qg6 11. Qf3 Qf5 12. Qc3 Nbc6 13. f3 f6 14. g4 Qg6 15. Bd3 Qf7 16. f4 h5 17. g5 f5 18. Ne2 O-O 19. Rb1 b6 20. h4 g6 21. Kf2 Bd7 22. a4 Na5 $11 23. Qb4 Nec6 24. Qb2 Rfc8 25. Rhc1 Be8 26. Rc2 Qb7 27. Rbc1 Nc4 28. Bxc4 dxc4 29. Rxc4 Ne7 30. Bb4 Nd5 31. Bd6 Qa6 32. Rxc8 Rxc8 33. Rxc8 Qxc8 34. Qb3 Qa6 35. Nc3 Qd3 36. Ba3 Qxd4+ 37. Kg2 Qxc3 38. Qa2 Qc2+ 39. Qxc2 Ne3+ 40. Kf3 Nxc2 0-1

[Event "Polish Youth Ekstraliga 2022"]
[Site "Lublin"]
[Date "2022.06.25"]
[Round "1.5"]
[White "Bukala, Weronika"]
[Black "Lochina, Justyna"]
[Result "1-0"]
[ECO "B83"]
[WhiteElo "1827"]
[BlackElo "1672"]
[Annotator "NA RC"]
[PlyCount "115"]
[EventDate "2022.06.24"]
[EventType "team-tourn"]
[EventCountry "POL"]
[SourceTitle "playchess.com"]
[Source "ChessBase"]
[SourceQuality "1"]
[TimeControl "40/5400+30:1800+30"]

1. e4 c5 2. Nf3 e6 3. d4 cxd4 4. Nxd4 Nc6 5. Nc3 d6 6. Be3 Nf6 7. Be2 Be7 8. O-O O-O 9. f4 Qc7 10. Qe1 Nxd4 11. Bxd4 e5 12. Be3 exf4 13. Rxf4 Be6 14. Qg3 Nd7 15. Bg4 Ne5 16. Bf5 g6 17. Bxe6 fxe6 18. Raf1 Nc4 19. Bc1 Qc5+ 20. R4f2 d5 21. b3 Rxf2 22. Rxf2 Nb6 23. Qh3 Qc6 24. exd5 exd5 25. Ne2 Rf8 26. Rxf8+ Bxf8 27. Be3 Bc5 28. c3 Bxe3+ 29. Qxe3 Nd7 30. Qxa7 Qb6+ 31. Qxb6 Nxb6 32. Kf2 Kf7 33. Ke3 Ke6 34. Nf4+ Ke5 35. Nd3+ Kd6 36. Kd4 Nd7 37. Nb4 Nf6 38. Nd3 b6 39. a4 Ne4 40. b4 g5 41. c4 Nf6 42. c5+ bxc5+ 43. bxc5+ Kc7 44. Nb4 Ng4 45. Nxd5+ Kb7 46. h3 Nh6 47. Nf6 Nf5+ 48. Ke4 Ng3+ 49. Kd5 h6 50. c6+ Kc8 51. a5 Nf5 52. a6 Ne7+ 53. Kd6 Nf5+ 54. Kc5 Kb8 55. Kb6 Nd6 56. a7+ Ka8 57. Nd5 Nc8+ 58. Kc7 1-0

[Event "Polish Youth Ekstraliga 2022"]
[Site "Lublin"]
[Date "2022.06.25"]
[Round "1.7"]
[White "Poltorak, Sebastian"]
[Black "Kutowski, Marcel"]
[Result "1-0"]
[ECO "B23"]
[WhiteElo "2322"]
[BlackElo "1954"]
[Annotator "TA"]
[PlyCount "67"]
[EventDate "2022.06.24"]
[EventType "team-tourn"]
[EventCountry "POL"]
[SourceTitle "playchess.com"]
[Source "ChessBase"]
[SourceQuality "1"]
[TimeControl "40/5400+30:1800+30"]

1. e4 c5 2. Nc3 a6 3. g3 b5 4. Bg2 Bb7 5. d3 d6 6. Nh3 {[%emt 0:00:38] B23: Closed Sicilian: Lines without g3.} g6 7. O-O Bg7 8. f4 {[%emt 0:01:15] The position is equal.} Nc6 {[%emt 0:04:54] [#]} 9. Ne2 $146 ({Predecessor:} 9. g4 Nd4 10. Nd5 h5 11. Ne3 hxg4 12. Nxg4 Qd7 13. c3 Nc6 14. Be3 Nf6 15. Ngf2 {1-0 (35) Maze,S (2596)-Tomazini,Z (2439) Caleta 2019}) 9... Nf6 10. Nf2 (10. e5 dxe5 11. fxe5 Ng4 $15) 10... O-O 11. Be3 (11. e5 Nd7 $15) 11... e6 12. c3 Qe7 13. Qd2 Rfd8 14. g4 d5 {[%emt 0:09:47] Strongly threatening ...d4.} 15. e5 d4 (15... Nd7 $14) 16. exf6 $16 Bxf6 {[%emt 0:00:41] [#]} 17. Ne4 $1 dxe3 18. Qxe3 c4 (18... Na5 $14) 19. Nxf6+ (19. f5 {is interesting.} Rxd3 20. Qh6 Be5 21. Ng5) 19... Qxf6 20. dxc4 bxc4 21. Qb6 $36 {[%emt 0:00:49][%csl LRb7,LRc6][%mdl 2048] White has the initiative.} Rab8 {[%emt 0:00:30][%cal Oc6d4] And now ...Nd4! would win.} 22. g5 (22. Bxc6 $14 e5 23. fxe5 (23. Qxb7 $2 Rxb7 24. Bxb7 Qb6+ 25. Rf2 Qxb7 $19) 23... Qxc6 24. Qxc6 Bxc6 25. Nd4 Rxb2 26. Nxc6) 22... Qf5 $11 {[%emt 0:05:51][%cal Ob7a8] aiming for ...Ba8!} 23. Bxc6 Ba8 24. Qxa6 {[%emt 0:07:12] Black must now prevent Bxa8.} Qc5+ $1 25. Nd4 {[%emt 0:00:13] Threatens to win with Bxa8.} Rd6 $2 (25... Rb6 $11 26. Qa3 Qxa3 27. bxa3 Bxc6) 26. Qxa8 $18 Rxa8 27. Bxa8 h6 28. gxh6 g5 $2 (28... Ra6 29. Be4 (29. Bb7 Rb6 $16) 29... Kh7) 29. Kh1 gxf4 (29... g4 $142 30. Rg1 f5) 30. Rxf4 f5 31. h7+ Kxh7 32. Rg1 {[%emt 0:00:18][%cal Rf4h4] White mates.} e5 33. Rxf5 Rg6 34. Rh5+ {[%emt 0:00:04] Weighted Error Value: White=0.14 (very precise) /Black=0.63} 1-0

[Event "Polish Youth Ekstraliga 2022"]
[Site "Lublin"]
[Date "2022.06.25"]
[Round "1.8"]
[White "Wilk, Igor"]
[Black "Meers, Hubert"]
[Result "0-1"]
[ECO "B42"]
[WhiteElo "1824"]
[BlackElo "2013"]
[Annotator "RC"]
[PlyCount "78"]
[EventDate "2022.06.24"]
[EventType "team-tourn"]
[EventCountry "POL"]
[SourceTitle "playchess.com"]
[Source "ChessBase"]
[SourceQuality "1"]
[TimeControl "40/5400+30:1800+30"]

1. e4 c5 2. Nf3 e6 3. d4 cxd4 4. Nxd4 a6 5. Bd3 Nc6 6. Be3 Nf6 7. O-O Qc7 8. a4 d5 9. Nc3 Nxd4 10. Bxd4 e5 11. Bxe5 Qxe5 12. exd5 Be7 13. Re1 Qd6 14. Qe2 Bd7 15. Ra3 Kf8 16. Rb3 Re8 17. Rxb7 Bd8 18. Qd2 Rxe1+ 19. Qxe1 g6 20. Qe3 Kg7 21. Qd4 Bc8 22. Rb3 Re8 23. f3 Re1+ 24. Kf2 Re6 25. Rb4 Bb6 26. Rxb6 Qxb6 27. Qxb6 Rxb6 28. b3 Bb7 29. Bc4 Rd6 30. Ne4 Nxe4+ 31. fxe4 Kf6 32. Ke3 Ke5 33. b4 f5 34. Bb3 Rb6 35. c3 fxe4 36. a5 Rf6 37. c4 Rf1 38. b5 axb5 39. cxb5 Rb1 0-1

[Event "Polish Youth Ekstraliga 2022"]
[Site "Lublin"]
[Date "2022.06.25"]
[Round "1.9"]
[White "Zielonka, Adam"]
[Black "Bartoszczuk, Adam"]
[Result "1-0"]
[ECO "B52"]
[WhiteElo "1988"]
[BlackElo "1662"]
[Annotator "NA RC"]
[PlyCount "77"]
[EventDate "2022.06.24"]
[EventType "team-tourn"]
[EventCountry "POL"]
[SourceTitle "playchess.com"]
[Source "ChessBase"]
[SourceQuality "1"]
[TimeControl "40/5400+30:1800+30"]

1. e4 c5 2. Nf3 d6 3. Bb5+ Bd7 4. Bxd7+ Qxd7 5. O-O Nc6 6. Re1 e6 7. Qe2 Nf6 8. d3 Be7 9. e5 dxe5 10. Nxe5 Nxe5 11. Qxe5 O-O 12. Nc3 Rfd8 13. Bf4 Rac8 14. a4 Nd5 15. Nxd5 Qxd5 16. b3 Qc6 17. Qe4 Qb6 18. Be5 Rd5 19. Bc3 Rcd8 20. Re3 Rf5 21. Rg3 Bf6 22. Bxf6 Rxf6 23. a5 Qb5 ({Don't play} 23... Qb4 24. Qxb4 cxb4 25. Rg4 $16) (23... Qc7 $1 $11) 24. Qh4 Kh8 $16 25. Rxg7 Kxg7 26. Qg5+ Rg6 27. Qxd8 Qb4 28. Qb8 Qc3 29. Rf1 Qxc2 30. Qxb7 Qxd3 31. Qxa7 Qxb3 32. Qxc5 Qa4 33. Qe5+ Kg8 34. Rb1 f6 35. Qxe6+ Kg7 36. Rb7+ Kh6 37. Qe3+ Rg5 38. Qh3+ Rh5 39. Rxh7+ 1-0

[Event "Polish Youth Ekstraliga 2022"]
[Site "Lublin"]
[Date "2022.06.25"]
[Round "1.10"]
[White "Kaszuba, Michal"]
[Black "Liskiewicz, Jakub"]
[Result "0-1"]
[ECO "E10"]
[WhiteElo "1307"]
[BlackElo "1839"]
[Annotator "NA RC"]
[PlyCount "176"]
[EventDate "2022.06.24"]
[EventType "team-tourn"]
[EventCountry "POL"]
[SourceTitle "playchess.com"]
[Source "ChessBase"]
[SourceQuality "1"]
[TimeControl "40/5400+30:1800+30"]

1. d4 Nf6 2. c4 e6 3. Nf3 d5 4. g3 c6 5. Bg2 Nbd7 6. O-O Bd6 7. b3 O-O 8. Nc3 dxc4 9. bxc4 e5 10. d5 cxd5 11. cxd5 Qa5 12. Qb3 Nc5 13. Qc2 Bd7 14. Bd2 Rac8 15. Qb2 Qa6 $15 16. Be3 Na4 17. Nxa4 Bxa4 18. Nxe5 Rc2 19. Qd4 Re8 20. Nd3 Rxe2 21. Bf3 Rc2 22. Nb4 Bxb4 23. Qxb4 Bd7 24. Qb3 Rcc8 25. Rac1 Bh3 26. Bg2 Bxg2 27. Kxg2 Rcd8 28. Bg5 Rd7 29. Bxf6 Qxf6 30. Qb5 Red8 31. Rfe1 Qf5 32. Rcd1 h5 33. Rd4 a6 34. Qc5 Rxd5 35. Rxd5 Rxd5 ({Worse is} 35... Qxd5+ 36. Qxd5 Rxd5 37. Re8+ Kh7 38. Re7 $17) 36. Qe3 h4 37. gxh4 Qg6+ 38. Qg3 Qc6 39. Kg1 Rd6 40. h5 Qd5 41. Qe5 Qd2 42. Qe8+ Kh7 43. Qe4+ Kh6 44. Qe3+ Kxh5 45. Qxd2 Rxd2 46. Re7 Kg6 47. Rxb7 Rxa2 48. Kg2 a5 49. Ra7 Kf6 50. Ra6+ Ke5 51. Ra7 Ke6 52. Kf3 g6 53. Ra6+ Kd5 54. Rf6 a4 55. Rxf7 a3 56. Rf6 Rb2 57. Rxg6 a2 58. Ra6 Kc4 59. h4 Kb4 60. Kg4 Kb5 61. Rxa2 Rxa2 62. f4 Kc5 63. h5 Kd6 64. Kg5 Ke7 65. Kg6 Kf8 66. f5 Ra7 67. h6 Kg8 68. Kf6 Kh7 69. Kg5 Rf7 70. f6 Rf8 71. Kf5 Kxh6 72. Ke6 Kg6 73. f7 Rxf7 74. Ke5 Re7+ 75. Kd6 Re1 76. Kd5 Kf5 77. Kd4 Re5 78. Kd3 Re4 79. Kd2 Kf4 80. Kd3 Kf3 81. Kc3 Ke3 82. Kc2 Rc4+ 83. Kb3 Kd3 84. Kb2 Rc3 85. Kb1 Rc2 86. Ka1 Kc3 87. Kb1 Kb3 88. Ka1 Rc1# 0-1

[Event "Polish Youth Ekstraliga 2022"]
[Site "Lublin"]
[Date "2022.06.25"]
[Round "1.11"]
[White "Zabrzanska, Weronika"]
[Black "Goraj, Barbara"]
[Result "0-1"]
[ECO "B22"]
[WhiteElo "1882"]
[BlackElo "2035"]
[Annotator "NA RC"]
[PlyCount "50"]
[EventDate "2022.06.24"]
[EventType "team-tourn"]
[EventCountry "POL"]
[SourceTitle "playchess.com"]
[Source "ChessBase"]
[SourceQuality "1"]
[TimeControl "40/5400+30:1800+30"]

1. e4 c5 2. c3 Nf6 3. e5 Nd5 4. Nf3 Nc6 5. d4 cxd4 6. cxd4 d6 7. Bc4 e6 8. O-O Be7 9. Re1 O-O 10. Nbd2 dxe5 11. dxe5 Na5 12. Bd3 Nb4 13. Bb1 b6 14. Qe2 Ba6 15. Qe4 Bd3 16. Bxd3 Nxd3 17. Re3 Nc5 18. Qg4 Nc6 $1 19. Ne1 $15 ({White should play} 19. b4 $1 $11 Nd3 20. b5) 19... Qd5 20. Ndf3 a5 21. Re2 Kh8 22. Bf4 Rad8 23. Nc2 Qc4 24. Rae1 Nd3 25. Ng5 Qxf4 0-1

[Event "Polish Youth Ekstraliga 2022"]
[Site "Lublin"]
[Date "2022.06.25"]
[Round "1.12"]
[White "Jaros, Emilia"]
[Black "Polakiewicz, Blanka"]
[Result "1-0"]
[ECO "B13"]
[WhiteElo "1366"]
[BlackElo "1151"]
[Annotator "NA RC"]
[PlyCount "140"]
[EventDate "2022.06.24"]
[EventType "team-tourn"]
[EventCountry "POL"]
[SourceTitle "playchess.com"]
[Source "ChessBase"]
[SourceQuality "1"]
[TimeControl "40/5400+30:1800+30"]

1. e4 c6 2. d4 d5 3. exd5 cxd5 4. Bd3 Nc6 5. c3 Nf6 6. Bf4 Bg4 7. Qb3 Qd7 8. Nd2 e6 9. Ngf3 a6 10. O-O Be7 11. Rae1 O-O 12. Ne5 Nxe5 13. Bxe5 b5 14. Qc2 g6 15. f3 Bf5 16. Bxf5 exf5 17. Re2 Rac8 18. Qb3 Rfd8 19. Rfe1 Qc6 20. Bg3 Bf8 21. Bh4 Kg7 22. f4 Rb8 23. Bxf6+ Kxf6 24. Nf3 Qc4 25. Ne5 Qxb3 26. axb3 Rbc8 27. Ra1 Ra8 28. g3 Bd6 29. Kf2 Bxe5 30. Rxe5 Rd6 31. h3 h5 32. g4 hxg4 33. hxg4 fxg4 34. Rae1 Rd7 35. Rh1 Rad8 36. Kg3 Re7 37. Rxe7 Kxe7 38. Kxg4 Kf6 39. Ra1 Rd6 40. Re1 Rd8 41. Re5 Rd7 42. b4 Kg7 43. Kf3 Kf6 44. Kg4 Kg7 45. Re8 Kf6 46. Ra8 Rd6 47. Ra7 Ke6 48. Kg5 Rc6 49. Kh6 Kf6 50. Rd7 Ke6 51. Rd8 Rd6 52. Rf8 Kf6 53. Kh7 Rd7 54. Ra8 Rd6 55. Ra7 g5 56. fxg5+ Kxg5 57. Rxf7 Rd8 58. Kg7 Rd6 59. Kf8 Kg6 60. Ke7 Rb6 61. Rf8 Kg5 62. Rd8 Kf4 63. Rxd5 Ke4 64. Rd6 Rb7+ 65. Rd7 Rb6 66. d5 Ke5 67. d6 Kd5 68. Rd8 Rb7+ 69. d7 Ke5 70. Rc8 Rxd7+ 1-0

[Event "Polish Youth Ekstraliga 2022"]
[Site "Lublin"]
[Date "2022.06.25"]
[Round "1.13"]
[White "Baum, Jonasz"]
[Black "Niedbala, Bartlomiej"]
[Result "1/2-1/2"]
[ECO "E04"]
[WhiteElo "2409"]
[BlackElo "2384"]
[Annotator "TA"]
[PlyCount "51"]
[EventDate "2022.06.24"]
[EventType "team-tourn"]
[EventCountry "POL"]
[SourceTitle "playchess.com"]
[Source "ChessBase"]
[SourceQuality "1"]
[TimeControl "40/5400+30:1800+30"]

1. d4 Nf6 2. c4 e6 3. Nf3 d5 4. g3 dxc4 5. Bg2 Bb4+ 6. Bd2 a5 7. Qc2 {[%emt 0:01:08] E04: Open Catalan: 5 Nf3.} c5 (7... b6 {is more complex.} 8. Ne5 Ra7 9. Bxb4 axb4 10. Qxc4 Qd6) 8. a3 Bxd2+ 9. Nbxd2 {[%emt 0:00:05] White has an edge.} cxd4 10. Nxc4 Nc6 11. O-O {[%emt 0:00:50] [#]} d3 $146 ({Predecessor:} 11... O-O 12. Rfd1 Re8 13. Rac1 e5 14. b4 axb4 15. axb4 Nxb4 16. Qb2 Nc6 17. Nb6 Rb8 {½-½ (60) Xiong,J (2651)-Melkumyan,H (2660) Chess.com INT 2018}) 12. Qxd3 Qxd3 13. exd3 Ke7 14. Rac1 (14. Rfe1 {keeps more tension.} Bd7 15. Nfe5 Rhd8 16. Rac1) 14... Ra6 15. Nce5 (15. Rfe1 $14) 15... Bd7 $11 16. Nxd7 Nxd7 17. d4 Rb6 18. Rc2 (18. Rfe1 {seems wilder.} Kf6 19. d5 exd5 20. Rcd1) 18... Rd8 19. Rd1 Nf6 20. Kf1 h6 21. h4 Rb5 22. Rcd2 Ne4 23. Re2 Nf6 (23... Nc5 $15) 24. Red2 Ne4 25. Re2 Nf6 26. Red2 {[%emt 0:01:58] Weighted Error Value: White=0.09 (flawless) /Black=0.14 (very precise)} 1/2-1/2

[Event "Polish Youth Ekstraliga 2022"]
[Site "Lublin"]
[Date "2022.06.25"]
[Round "1.14"]
[White "Redzisz, Michal"]
[Black "Dalkowski, Rafal"]
[Result "1-0"]
[ECO "B27"]
[WhiteElo "2236"]
[BlackElo "2028"]
[Annotator "TA"]
[PlyCount "81"]
[EventDate "2022.06.24"]
[EventType "team-tourn"]
[EventCountry "POL"]
[SourceTitle "playchess.com"]
[Source "ChessBase"]
[SourceQuality "1"]
[TimeControl "40/5400+30:1800+30"]

1. e4 c5 2. Nf3 g6 3. c3 Bg7 4. d4 cxd4 5. cxd4 d5 6. e5 Bg4 7. Nbd2 e6 {[%emt 0:03:01] B27: Sicilian: 2 Nf3, unusual Black 2nd moves.} 8. Bb5+ Nd7 9. O-O Ne7 {[%emt 0:00:29] White is slightly better.} 10. h3 Bxf3 11. Nxf3 O-O {[%emt 0:00:35] [#]} 12. Bd2 $146 ({Predecessor:} 12. Bg5 h6 13. Bf4 g5 14. Bd2 Nf5 15. Re1 Nb6 16. Qb3 Rc8 17. Rac1 a6 18. Bd3 {1-0 (34) Vakhlamov,I (2413)-Czerw,D (2413) Chess.com INT 2021}) 12... a6 13. Bd3 Nc6 14. Qe2 Qb6 15. Bc3 Rfc8 16. h4 Qd8 17. a4 Nb6 18. a5 (18. h5 $1 $16) 18... Nc4 $1 $14 19. Bxc4 dxc4 20. Ra4 Na7 21. Nd2 Rc7 22. Nxc4 (22. Rxc4 Rac8 $14) 22... Qe8 (22... Qxh4 $2 23. d5 $18) 23. Nb6 {[%emt 0:00:46] White is more active.} Rd8 24. Rfa1 Nb5 25. Rc4 Rxc4 26. Qxc4 Qe7 27. g3 g5 28. h5 g4 (28... Qc7 $16) 29. Re1 $1 $18 Qg5 {[%emt 0:01:02] [#]} 30. Re4 $1 Qxh5 {[%emt 0:01:35] [#]} (30... Qc1+ {is a better defense.} 31. Qf1 Qxf1+ 32. Kxf1 f5 33. exf6 Bxf6 34. Rxg4+ (34. Rxe6 Kf7 $16) 34... Kf7) 31. Qe2 $1 Qg5 32. Qxg4 (32. Rxg4 $18 {and the rest is easy.} Nxc3 33. bxc3 (33. Rxg5 $2 {is the wrong capture.} Nxe2+ 34. Kg2 Nxd4 $19) 33... Qc1+ 34. Kh2 Qxc3 35. Na4 (35. Qe4 h5 $16)) 32... Qc1+ (32... Qxg4 $16 {might work better.} 33. Rxg4 h5) 33. Re1 Qc2 34. Qe4 ({Resist} 34. Qg5 Re8) (34. Qh4 $18 Re8 35. Nd7) 34... Qb3 $2 (34... Qxe4 $16 35. Rxe4 Bf8) 35. Re3 Nxd4 36. Rd3 {[%emt 0:00:02] Against Qd1+} ({Don't play} 36. Qxb7 $6 Qd1+ 37. Kh2 Ne2 $14) 36... Nc6 37. Nd7 Qc2 $2 (37... Qb5) 38. Nf6+ {[%emt 0:00:03] White is clearly winning.} Bxf6 39. Rxd8+ {[%emt 0:00:03][%mdl 64] Discovered Attack} Bxd8 40. Qxc2 {[%emt 0:00:00] Threatens to win with Qb3.} Bc7 41. Qb3 {[%emt 0:00:44] Weighted Error Value: White=0.15 (very precise) /Black=0.26 (precise)} 1-0